 Dungeon Crawl Stone Soup version 0.24-a0-613-g1ff6aac338 (webtiles) character file.

Game seed: 2108542725664790803, levelgen mode: deterministic

2890 MenacingMecha the Prestidigitator (level 9, 0/103 HPs)
             Began as a Centaur Fighter on Sept 11, 2019.
             Was a Believer of Okawaru.
             Slain by a hornet (5 damage)
             ... on level 8 of the Dungeon.
             The game lasted 00:16:02 (7696 turns).

MenacingMecha the Prestidigitator (Centaur Fighter) Turns: 7696, Time: 00:16:03

Health: 0/103      AC: 24    Str: 15 (18) XL:     9   Next: 48%
Magic:  15/15      EV:  1    Int: 11 (13) God:    Okawaru [**....]
Gold:   334        SH:  8    Dex: 10 (12) Spells: 8/8 levels left

rFire    + . .     SeeInvis .   a - +3 rapier of Courage {venom, rF+ rN+}
rCold    . . .     Gourm    .   c - +0 shield
rNeg     + + +     Faith    .   (armour currently unavailable)
rPois    +         Spirit   .   (helmet currently unavailable)
rElec    .         Reflect  .   (cloak currently unavailable)
rCorr    .         Harm     .   (gloves currently unavailable)
MR       .....     NoTele   +   (no barding)
Stlth    +.........             m - amulet of rage {+Rage, !d}
HPRegen  0.27/turn              (no ring)
MPRegen  0.14/turn              (no ring)

@: brilliant, tree-form, slowed, very slow
A: large
a: Heroism, Renounce Religion, Evoke Berserk Rage


You were on level 8 of the Dungeon.
You worshipped Okawaru.
Okawaru was pleased with you.
You were not hungry.
You were a tree.
You visited 2 branches of the dungeon, and saw 10 of its levels.

You collected 405 gold pieces.
You spent 71 gold pieces at shops.

Inventory:

Hand Weapons
 a - the +3 rapier of Courage (weapon) {venom, rF+ rN+}
   (You found it on level 7 of the Dungeon)

   It poisons the flesh of those it strikes.
   It protects you from fire.
   It protects you from negative energy.
 b - a +0 shortbow
   (You took it off a centaur on level 5 of the Dungeon)
 H - a +0 long sword
 L - a +2 hand axe of flaming
   (You took it off an orc on level 8 of the Dungeon)
Missiles
 l - 119 arrows
 s - a throwing net
Armour
 c - a +0 shield (worn)
 e - a +2 pair of gloves (melded)
   (You found it on level 1 of the Dungeon)
 w - a +3 chain mail (melded)
   (You took it off Ijyb on level 5 of the Dungeon)
 y - a +0 scale mail
 C - a scarf of resistance (melded)
   (You found it on level 6 of the Dungeon)
Magical Staves
 I - an uncursed staff of wizardry {unknown}
   (You found it on level 7 of the Dungeon)
Jewellery
 m - an amulet of rage (around neck) {+Rage, !d}
   (You found it on level 2 of the Dungeon)
 K - an uncursed ring of ice {unknown}
   (You found it on level 8 of the Dungeon)
Wands
 D - a wand of flame (12)
   (You took it off Blork the orc on level 6 of the Dungeon)
Scrolls
 g - 3 scrolls of teleportation {unknown}
 h - 7 scrolls of identify
 j - 2 scrolls of remove curse {unknown}
 o - 2 scrolls of immolation {unknown}
 q - 2 scrolls of random uselessness {unknown}
 t - a scroll of noise {unknown}
 u - 2 scrolls of amnesia {unknown}
 z - 2 scrolls of magic mapping {unknown}
 A - a scroll of fear {unknown}
 B - a scroll of blinking {unknown}
 F - 2 scrolls of enchant armour {unknown}
 J - a scroll of enchant weapon {unknown}
Potions
 d - a potion of might
 i - 2 potions of lignification
 k - a potion of magic
 n - a potion of curing
 p - a potion of brilliance
 r - a potion of heal wounds
 v - a potion of ambrosia {unknown}
 x - a potion of degeneration
 E - a potion of flight {unknown}
Comestibles
 f - 7 rations


   Skills:
 - Level 3.0 Fighting
 + Level 2.8(4.1) Short Blades
 - Level 4.6(5.0) Long Blades
 * Level 6.2 Bows
 + Level 3.3 Armour
 + Level 2.3 Dodging
 - Level 2.7 Shields
 - Level 3.0 Invocations
 - Level 8.0 Evocations


You had 8 spell levels left.
You didn't know any spells.
Your spell library was empty.

Dungeon Overview and Level Annotations

Branches:
Dungeon (9/15)             Temple (1/1) D:7
   Lair: D:8-11         Orc: D:9-12

Altars:
Ashenzari
Cheibriados
Dithmenos
Elyvilon
Fedhas
Gozag
Hepliaklqana
Kikubaaqudgha
Nemelex Xobeh
Okawaru
Qazlal
Ru
Sif Muna
Trog
Uskayaw
Vehumet
Wu Jian
Xom
Yredelemnul
Zin
The Shining One

Shops:
D:4 [*[=

Annotations:
D:4 exclusion: ogre, Sigmund
D:9 Maurice


Innate Abilities, Weirdness & Mutations

((You have hooves in place of feet.))
((Armour fits poorly on your strangely shaped body.))
((You cover ground very quickly.))
((You have extremely tough skin. (AC +3)))


Message History

You climb upwards.
Reactivating autopickup.
You feel sick.
There is a stone staircase leading down here.
You closely miss the hornet. Your kick misses the hornet.
You feel sick. The hornet barely misses you.
The worker ant bites you but does no damage.
The hornet stings you but does no damage.
The worker ant bites you but does no damage.
Your chain mail prevents you from hitting the hornet.
Your kick misses the hornet.
You feel yourself speed up.
You feel sick. The hornet stings you.
You feel yourself slow down. The worker ant barely misses you.
The hornet stings you.
You feel as though you will be slow longer.
The worker ant bites you.
You are more poisoned.
The worker ant poisons you! The hornet stings you!
* * * LOW HITPOINT WARNING * * *
You feel as though you will be slow longer.
It was a potion of lignification.
You turn into a tree.
Your scarf of resistance melds into your body.
Your +2 pair of gloves melds into your body.
Your +3 chain mail melds into your body.
You feel hot and cold all over.
Your roots penetrate the ground.
You feel sick. The hornet completely misses you.
The worker ant barely misses you. You block the hornet's attack.
The worker ant bites you but does no damage.
You completely miss the hornet.
You feel sick. You block the hornet's attack.
The worker ant bites you but does no damage.
The hornet stings you but does no damage.
You closely miss the hornet.
You feel sick.
The hornet stings you but does no damage.
The worker ant bites you but does no damage.
The hornet stings you.
* * * LOW HITPOINT WARNING * * *
The worker ant bites you but does no damage.
You block the hornet's attack. You block the worker ant's attack.
You hit the hornet but do no damage.
You feel sick. The hornet stings you.
* * * LOW HITPOINT WARNING * * *
You block the worker ant's attack.
The hornet stings you but does no damage.
You closely miss the hornet.
You feel sick. You block the hornet's attack.
You block the worker ant's attack.
The hornet stings you but does no damage.
You block the worker ant's attack.
The hornet stings you but does no damage.
It was a potion of heal wounds.
You feel much better.
You feel sick.
The worker ant bites you but does no damage.
The hornet stings you but does no damage.
The worker ant bites you but does no damage.
The hornet stings you but does no damage.
Okay, then.
It was a potion of brilliance.
You feel clever all of a sudden.
You feel yourself speed up.
You feel sick. The hornet stings you.
* * * LOW HITPOINT WARNING * * *
The worker ant bites you but does no damage.
The hornet stings you but does no damage.
The worker ant bites you but does no damage.
It was a potion of magic.
Magic courses through your body.
You feel sick. You block the hornet's attack.
The worker ant completely misses you. You block the hornet's attack.
It was a potion of degeneration.
There was something very wrong with that liquid.
You feel weakened.
You feel dopey.
You feel clumsy.
The worker ant bites you but does no damage.
You block the hornet's attack.
It was a potion of curing.
You feel better. The hornet stings you!
* * * LOW HITPOINT WARNING * * *
You feel yourself slow down.
The worker ant bites you but does no damage.
You block the hornet's attack.
You completely miss the hornet. The worker ant bites you.
* * * LOW HITPOINT WARNING * * *
You block the hornet's attack.
The worker ant bites you but does no damage.
The hornet stings you.
* * * LOW HITPOINT WARNING * * *
You feel as though you will be slow longer.
You miss the hornet.
The worker ant bites you but does no damage.
The hornet stings you.
* * * LOW HITPOINT WARNING * * *
The worker ant bites you but does no damage.
The hornet stings you but does no damage.
You closely miss the hornet.
The hornet stings you but does no damage.
The worker ant bites you but does no damage.
The hornet stings you.
* * * LOW HITPOINT WARNING * * *
You feel as though you will be slow longer.
The worker ant bites you but does no damage.
You barely miss the hornet. You block the hornet's attack.
The worker ant bites you but does no damage.
The hornet stings you.
* * * LOW HITPOINT WARNING * * *
The worker ant bites you but does no damage.
The hornet stings you.
You die...

#...# #(......# #...# #.......#
#...# #.......# ############..#
###...###
##..#..#...##..########÷##
#.....#..)..#........#...#
#.....#.....#..[.....#...#
#.....#.....#........#...# ##
#.....#.....#.a♣.....#...# #.
#.....#.....'.y......#...# #.
####.##.########'###..###..# #.
#.##.#######.###.########..### #.
..........#...'..............# #.
..........#...#..............# #.
..#..##...##..##..##...##...#######
#######...##..##..##...##...##...##
#........#...(....#.....'.....


You could see a hornet and a worker ant.

Vanquished Creatures
  Grum (D:8)
  A hungry ghost (D:7)
  A sky beast (D:8)
  2 black bears
  An ice beast (D:7)
  2 necrophages
  2 phantoms
  4 wolves
  2 centaurs
  4 ogres
  A crocodile (D:9)
  A bullfrog (D:6)
  Blork the orc (D:6)
  A big kobold (D:8)
  2 howler monkeys
  A crimson imp (D:8)
  A centaur zombie (D:5)
  A bullfrog zombie (D:8)
  A jelly (D:8)
  An orc priest (D:5)
  A hound (D:8)
  3 orc wizards
  A bullfrog skeleton (D:5)
  Ijyb (D:5)
  2 iguanas
  5 worker ants
  A hound skeleton (D:4)
  A worker ant zombie (D:6)
  3 gnolls (D:4)
  14 adders
  3 shadow imps
  An ooze (D:2)
  A worm (D:2)
  2 dart slugs
  5 leopard geckos
  11 orcs
  3 bats
  3 giant cockroaches
  2 goblins
  5 hobgoblins
  9 jackals
  A quokka (D:4)
  A ball python (D:7)
  5 frilled lizards
  9 kobolds
  2 leopard gecko skeletons
  A quokka zombie (D:5)
  5 rats
132 creatures vanquished.

Notes
Turn   | Place    | Note
-------+----------+-------------------------------------------
     0 | D:1      | MenacingMecha the Centaur Fighter began the quest for the
                  | Orb.
     0 | D:1      | Reached XP level 1. HP: 19/19 MP: 1/1
   128 | D:1      | Reached skill level 2 in Long Blades
   459 | D:1      | Reached XP level 2. HP: 25/26 MP: 2/2
   939 | D:2      | Reached XP level 3. HP: 17/31 MP: 3/3
  1156 | D:2      | Reached skill level 3 in Long Blades
  1418 | D:2      | Reached XP level 4. HP: 38/38 MP: 4/4
  2112 | D:3      | Reached skill level 1 in Evocations
  2535 | D:3      | Reached XP level 5. HP: 37/45 MP: 4/6
  2592 | D:4      | Reached skill level 4 in Long Blades
  2596 | D:4      | Reached skill level 2 in Evocations
  2691 | D:4      | Found Wiciyst's Jewellery Emporium.
  2707 | D:4      | Bought a cursed amulet of inaccuracy for 22 gold pieces
  2707 | D:4      | Bought a cursed ring of teleportation for 49 gold pieces
  2716 | D:4      | Found Fijazus's Antique Armour Shop.
  2776 | D:4      | HP: 11/45 [poisoned by a worker ant]
  2784 | D:4      | HP: 10/45 [poisoned by a worker ant]
  3077 | D:4      | Noticed an ogre
  3190 | D:4      | Reached XP level 6. HP: 51/51 MP: 7/7
  3234 | D:4      | Found Luleqer's Armour Shoppe.
  3250 | D:4      | Reached skill level 3 in Evocations
  3358 | D:4      | Found Kyxat's General Store.
  3399 | D:4      | Noticed Sigmund
  3736 | D:4      | Reached skill level 4 in Evocations
  3768 | D:5      | Entered Level 5 of the Dungeon
  3847 | D:5      | Reached XP level 7. HP: 53/57 MP: 10/10
  3972 | D:5      | Noticed Ijyb
  3999 | D:5      | Killed Ijyb
  4122 | D:5      | Reached skill level 5 in Evocations
  4712 | D:6      | Found a hide-covered altar of Uskayaw.
  4713 | D:6      | Found a blossoming altar of Fedhas.
  4949 | D:6      | Noticed Blork the orc
  4958 | D:6      | Killed Blork the orc
  4958 | D:6      | Reached skill level 6 in Evocations
  5473 | D:7      | Reached skill level 7 in Evocations
  5473 | D:7      | Reached XP level 8. HP: 36/63 MP: 13/13
  5774 | D:7      | Reached skill level 8 in Evocations
  5849 | D:7      | Got an ancient rapier
  5853 | D:7      | Identified the +3 rapier of Courage {venom, rF+ rN+} (You
                  | found it on level 7 of the Dungeon)
  5876 | D:7      | Found a staircase to the Ecumenical Temple.
  5895 | Temple   | Entered the Ecumenical Temple
  5986 | Temple   | Became a worshipper of Warmaster Okawaru
  6034 | D:7      | Reached skill level 1 in Bows
  6082 | D:7      | Reached skill level 2 in Bows
  6093 | D:7      | Found a shadowy altar of Dithmenos.
  6093 | D:7      | Found a glowing golden altar of the Shining One.
  6098 | D:7      | Found a shattered altar of Ashenzari.
  6100 | D:7      | Found an opulent altar of Gozag.
  6102 | D:7      | Found a stormy altar of Qazlal.
  6179 | D:7      | Reached skill level 1 in Short Blades
  6179 | D:7      | Reached skill level 3 in Bows
  6179 | D:7      | Reached skill level 1 in Dodging
  6423 | D:8      | Reached * piety under Okawaru
  6491 | D:8      | Reached skill level 4 in Bows
  6673 | D:8      | Reached XP level 9. HP: 68/68 MP: 15/15
  6711 | D:8      | Reached skill level 2 in Short Blades
  6721 | D:8      | Noticed Grum
  6740 | D:8      | Reached skill level 1 in Invocations
  6923 | D:7      | Reached skill level 3 in Armour
  6931 | D:7      | Reached skill level 5 in Bows
  7173 | D:8      | Killed Grum
  7173 | D:8      | Reached skill level 2 in Dodging
  7173 | D:8      | Reached skill level 2 in Invocations
  7252 | D:8      | Reached ** piety under Okawaru
  7379 | D:8      | Reached skill level 6 in Bows
  7379 | D:8      | Reached skill level 3 in Invocations
  7675 | D:9      | Noticed Maurice
  7682 | D:8      | HP: 9/68 [hornet (12)]
  7687 | D:8      | HP: 6/102 [poisoned by a worker ant]
  7692 | D:8      | HP: 20/103 [hornet (9)]
  7695 | D:8      | HP: 8/103 [hornet (3)]
  7696 | D:8      | Slain by a hornet

Levels and vault maps discovered:
D:1:      shiori_shiawase, layout_loops_ring
D:2:      layout_loops_ring, first_ration, minmay_tetromino_o2
D:3:      layout_basic
D:4:      layout_gridville, serial_shops, kennysheep_mini, shop_fountains,
          nicolae_shop_waterfront, shop, nicolae_shop_window_shopping,
          uniq_sigmund
D:5:      layout_rooms, uniq_ijyb
D:6:      layout_basic, minitemple, uniq_blork_the_orc
D:7:      layout_rooms, chequers_temple_overflow_minitemple,
          minmay_temple_entry_statues
D:8:      minmay_evil_eye, layout_gridville, uniq_grum
D:9:      layout_rooms, lemuel_doored_altar, uniq_maurice
Temple:   nicolae_temple_great_sept

Skill      XL: |  1  2  3  4  5  6  7  8  9 |
---------------+----------------------------+-----
Long Blades    | 2 3 4 |  4.6
Evocations     | 1 2 4 7 8 |  8.0
Bows           | 4 6 |  6.2
Short Blades   | 1 2 |  2.8
Dodging        | 1 2 |  2.3
Invocations    | 3 |  3.0
Armour         | 3 |  3.3
Fighting       | |  3.0
Shields        | |  2.7

Action                   |  1- 3 |  4- 6 |  7- 9 || total
-------------------------+-------+-------+-------++-------
Melee: Long sword        |    88 |   139 |   190 ||   417
       Kick              |    13 |    36 |    76 ||   125
       Rapier            |       |       |   128 ||   128
 Fire: Shortbow          |       |       |     7 ||     7
Invok: Heroism           |       |       |     1 ||     1
 Abil: Evoke Berserk Rag |       |       |     1 ||     1
  Use: Scroll            |       |       |     1 ||     1
       Potion            |       |       |     6 ||     6
  Eat: Chunk             |     1 |     6 |    10 ||    17
       Ration            |       |       |     2 ||     2
Armor: Scale mail        |    61 |    85 |    17 ||   163
       Chain mail        |       |       |   194 ||   194
       Skin              |       |       |    27 ||    27
Dodge: Dodged            |    16 |    41 |    52 ||   109
Block: Shield            |    37 |    77 |   110 ||   224
       Rpst.: Long sword |     3 |    18 |     8 ||    29

Table legend:
 A = Non-vault XP
 B = Vault XP
 C = Vault XP percentage of total XP
 D = Non-vault monster count
 E = Vault monster count
 F = Vault count percentage of total count
                 A         B        C        D         E       F
            +---------+---------+-------+---------+---------+-------
      Total |    2910 |    1219 |  29.5 |     119 |      13 |   9.8
            +---------+---------+-------+---------+---------+-------
        D:1 |      17 |       0 |   0.0 |      11 |       0 |   0.0
        D:2 |      94 |      14 |  13.0 |      22 |       2 |   8.3
        D:3 |      90 |       0 |   0.0 |      11 |       0 |   0.0
        D:4 |     411 |       0 |   0.0 |      19 |       0 |   0.0
        D:5 |     413 |      36 |   8.0 |      18 |       1 |   5.3
        D:6 |     244 |      90 |  26.9 |       5 |       1 |  16.7
        D:7 |     920 |     345 |  27.3 |      10 |       3 |  23.1
        D:8 |     616 |     734 |  54.4 |      22 |       6 |  21.4
        D:9 |     105 |       0 |   0.0 |       1 |       0 |   0.0
            +---------+---------+-------+---------+---------+-------

Levels and vault maps discovered:
D:1:      shiori_shiawase, layout_loops_ring
D:2:      layout_loops_ring, first_ration, minmay_tetromino_o2
D:3:      layout_basic
D:4:      layout_gridville, serial_shops, kennysheep_mini, shop_fountains,
          nicolae_shop_waterfront, shop, nicolae_shop_window_shopping,
          uniq_sigmund
D:5:      layout_rooms, uniq_ijyb
D:6:      layout_basic, minitemple, uniq_blork_the_orc
D:7:      layout_rooms, chequers_temple_overflow_minitemple,
          minmay_temple_entry_statues
D:8:      minmay_evil_eye, layout_gridville, uniq_grum
D:9:      layout_rooms, lemuel_doored_altar, uniq_maurice
Temple:   nicolae_temple_great_sept

Table legend:
 A = Turns spent in this place as a percentage of turns spent in the entire game.
 B = Non-inter-level travel turns spent in this place as a percentage of non-inter-level travel turns spent in the entire game.
 C = Inter-level travel turns spent in this place as a percentage of turns spent in this place.
 D = Turns resting spent in this place as a percentage of non-inter-level travel turns spent in this place.
 E = Turns spent auto-exploring this place as a percentage of non-inter-level travel turns spent in this place.
 F = Non-inter-level travel turns spent in this place divided by the number of levels of this place that you've seen.
                   A       B       C       D       E      F
               +-------+-------+-------+-------+-------+----------------------
         Total | 100.0 | 100.0 |   4.6 |  33.4 |  41.4 | 733.9
       Dungeon |  98.7 |  99.0 |   4.3 |  33.7 |  40.8 | 807.4
        Temple |   1.3 |   1.0 |  29.4 |   0.0 |  95.8 |  72.0
               +-------+-------+-------+-------+-------+----------------------

Table legend:
 A = Kills in this place as a percentage of kills in entire the game.
 B = Kills by you in this place as a percentage of kills by you in the entire game.
 C = Kills by friends in this place as a percentage of kills by friends in the entire game.
 D = Other kills in this place as a percentage of other kills in the entire game.
 E = Experience gained in this place as a percentage of experience gained in the entire game.
 F = Experience gained in this place divided by the number of levels of this place that you have seen.
                   A       B       C       D       E      F
               +-------+-------+-------+-------+-------+----------------------
         Total | 100.0 | 100.0 |   N/A |   N/A | 100.0 | 412.9
       Dungeon | 100.0 | 100.0 |   N/A |   N/A | 100.0 | 458.8
               +-------+-------+-------+-------+-------+----------------------
